 Dungeon Crawl Stone Soup version 0.16.2-3-ga078185 (webtiles) character file.

82 gorblad the Skirmisher (level 4, 0/50 HPs)
             Began as an Ogre Berserker on Sept 6, 2015.
             Was a Believer of Trog.
             Slain by a crimson imp (2 damage)
             ... summoned by Natasha
             ... on level 3 of the Dungeon.
             The game lasted 00:09:03 (1580 turns).

gorblad the Skirmisher (Ogre Berserker)             Turns: 1580, Time: 00:09:03

Health: 0/50       AC:  7    Str: 23    XL:     4   Next: 43%
Magic:  4/4        EV: 10    Int:  6    God:    Trog [**....]
Gold:   120        SH:  0    Dex:  9    Spells: 0 memorised, 3 levels left

rFire  . . .     SeeInvis .     a - +0 mace
rCold  . . .     Clarity  .     b - +1 animal skin
rNeg   + . .     SustAb   .     (shield restricted)
rPois  .         Gourm    .     (helmet restricted)
rElec  .         Spirit   .     h - +2 cloak
rCorr  .         Warding  .     (gloves unavailable)
rMut   .         Stasis   .     (boots unavailable)
MR     .....                    (no amulet)
Stlth  +.........               u - ring of positive energy
                                (no ring)

@: exhausted, very slightly contaminated, hasted and slowed, not resistant to
hostile enchantments, very unstealthy
A: unfitting armour, tough skin 1
a: Burn Spellbooks, Berserk, Trog's Hand, Renounce Religion


You were on level 3 of the Dungeon.
You worshipped Trog.
Trog was pleased with you.
You were hungry.

You visited 1 branch of the dungeon, and saw 3 of its levels.

You collected 120 gold pieces.

Inventory:

Hand weapons
 a - a +0 mace (weapon)
 f - a +3 quarterstaff of chaos
 s - a +0 hammer
Armour
 b - a +1 animal skin (worn)
 h - a +2 cloak (worn)
Jewellery
 u - a ring of positive energy (right hand)
Scrolls
 e - a scroll of noise {unknown}
 j - 2 scrolls of identify
 n - a scroll of recharging {unknown}
 q - 3 scrolls of magic mapping {unknown}
Potions
 d - a potion of flight {unknown}
 m - 2 potions of might {unknown}
 o - 2 potions of mutation {unknown}
 p - 2 potions of haste
 r - a potion of heal wounds {unknown}
Comestibles
 c - a meat ration


   Skills:
 + Level 5.0 Fighting
 + Level 4.7 Maces & Flails
 + Level 1.7 Armour
 + Level 2.6 Dodging
 + Level 0.6 Stealth


You had 3 spell levels left.
You didn't know any spells.

Dungeon Overview and Level Annotations

Branches:
Dungeon (3/15)

Altars:

Annotations:
D:3 Natasha


Innate Abilities, Weirdness & Mutations

You are too large for most types of armour.
You have tough skin (AC +1).


Message History

* * * LOW HITPOINT WARNING * * *
The crimson imp hits you.
* * * LOW HITPOINT WARNING * * *
Things that are here:
a flail; a leather armour; an orc corpse Use which ability? (? or * to list) You're too exhausted to go berserk.
You closely miss the crimson imp.
The crimson imp disappears for a moment.
The crimson imp hits you.
* * * LOW HITPOINT WARNING * * *
Natasha hisses.
You hit the crimson imp.
The crimson imp is moderately wounded.
The crimson imp barely misses you.
You completely miss the crimson imp.
The crimson imp is moderately wounded.
The crimson imp puffs mist at you. The crimson imp hits you.
You die...

#.# #. .
.#######.#######. #.
...............#.
#.############.#####.#.
##...
..........###<#.#. ....
..............>.#. #..#
#...............#( #..#
#.######.###....#.
#######..###@# #.
#....#. .........)h5.#
#. ###..#.
#####.##..####### .
#..#. #............
...#. #.##...######
...#. # #.#.# ...#.
#.#..# #. # #.##.# #.
#.##.##.###.# #.


You could see Natasha and a crimson imp.

Vanquished Creatures
  Crazy Yiuf (D:2)
  An adder (D:2)
  A worm (D:3)
  3 giant geckos
  An orc (D:3)
  3 giant cockroaches
  3 goblins (D:1)
  4 hobgoblins
  4 jackals (D:1)
  4 bats
  2 giant newts
  4 kobolds (D:1)
  4 rats (D:1)
35 creatures vanquished.

Notes
Turn   | Place    | Note
--------------------------------------------------------------
     0 | D:1      | gorblad, the Ogre Berserker, began the quest for the Orb.
     0 | D:1      | Reached XP level 1. HP: 24/24 MP: 1/1
    87 | D:1      | Reached XP level 2. HP: 12/33 MP: 2/2
   621 | D:1      | Acquired Trog's second power
   650 | D:1      | Reached XP level 3. HP: 37/40 MP: 3/3
  1074 | D:2      | Noticed Crazy Yiuf
  1080 | D:2      | Killed Crazy Yiuf
  1080 | D:2      | Reached XP level 4. HP: 49/49 MP: 4/4
  1151 | D:2      | Reached skill level 5 in Fighting
  1548 | D:3      | Noticed Natasha
  1569 | D:3      | HP: 1/50 [crimson imp[Natasha] (3)]
  1578 | D:3      | HP: 2/50 [crimson imp[Natasha] (2)]
  1580 | D:3      | Slain by a crimson imp

Action                   |  1- 3 |  4- 6 || total
-------------------------+-------+-------++-------
Melee: Mace              |    72 |    41 ||   113
Invok: Berserk           |     2 |     1 ||     3
  Use: Scroll            |     1 |     3 ||     4
       Potion            |       |     2 ||     2
  Eat: Bread ration      |     1 |       ||     1
